cohdb
Replays
Latest Replays
All Replays
Popular Replays
Top Player Replays
Match Explorer
How It Works
Community
CoH3 Stats
Reddit
Sign in to upload your games and track your stats! →
Sign in with Steam
Match 42655433
Unlisted
Match 42655433
Overview
Messages
Build Orders
End
Kradschützen Motorcycle Team
Selects Armored Support Battlegroup
Panzerpioneer Squad
Panzergrenadier Squad
250 Light Carrier
Panzergrenadier Squad
Selects Superior Fire Drills
Construct Light Support Kompanie
Fire Support Elements
Assault Mechanized Group
Flakvierling Half-track
Panzerjäger Squad
Vehicle Survival Package
2.5-tonne Medical Truck
Selects Flammpanzer III Medium Tank
Flammpanzer III Medium Tank
Assault Mechanized Group
2.5-tonne Medical Truck
Selects Command Panzer IV F Medium Tank
Command Panzer IV F Medium Tank
Pak 38 Mechanized Group
Construct Panzerarmee Kommand
Pak 38 Mechanized Group
Selects Salvage Kits
Selects Panzer Storm
Selects Stuka Anti-tank Loiter
Assault Mechanized Group
Trion
MARCO
0
0
Comments
sign in to comment!
No comments posted yet!